 Dungeon Crawl Stone Soup version 0.27-a0-808-g60bc5d92e6 (webtiles) character file.

Game seed: 6216848871525388762

0 rageheart7 the Magician (level 1, 0/13 HPs)
             Began as a Demonspawn Wanderer on Mar 28, 2021.
             Slain by a hobgoblin (2 damage)
             ... on level 1 of the Dungeon.
             The game lasted 00:00:39 (22 turns).

rageheart7 the Magician (Demonspawn Wanderer)         Turns: 22, Time: 00:00:39

Health: 0/13       AC:  2    Str: 13    XL:     1   Next: 8%
Magic:  0/3        EV: 11    Int: 14    God:
Gold:   5          SH:  0    Dex: 10    Spells: 3/4 levels left

rFire    . . .     SeeInvis .   a - +0 club
rCold    . . .     Faith    .   (no shield)
rNeg     . . .     Spirit   .   d - +0 robe
rPois    .         Reflect  .   (no helmet)
rElec    .         Harm     .   (no cloak)
rCorr    .         Rampage  .   (no gloves)
Will     .....                  (no boots)
Stlth    +.........             (no amulet)
HPRegen  0.04/turn              (no ring)
MPRegen  0.08/turn              (no ring)

@: no status effects
A: no striking features
a: no special abilities


You were on level 1 of the Dungeon.
You visited 1 branch of the dungeon, and saw 1 of its levels.

You collected 5 gold pieces.

Inventory:

Hand Weapons
 a - a +0 club (weapon)
Armour
 d - a +0 robe (worn)


   Skills:
 - Level 1.7 Crossbows
 - Level 1.0 Armour
 - Level 1.0 Shields
 * Level 2.0 Spellcasting
 * Level 1.1 Necromancy
 - Level 1.7 Fire Magic
 - Level 1.0 Evocations


You had 3 spell levels left.
You knew the following spells:

 Your Spells              Type           Power      Damage    Failure   Level
a - Pain                  Necr           16%        1d4       14%         1

Your spell library contained the following spells:

 Spells                   Type           Power      Damage    Failure   Level
 Animate Skeleton         Necr           8%         N/A       14%         1
 Apportation              Tloc           2%         N/A       24%         1
 Shock                    Conj/Air       4%         1d3       24%         1
 Vampiric Draining        Necr           2%         2d6       41%         3
 Lesser Beckoning         Tloc           0%         N/A       56%         3
 Mephitic Cloud           Conj/Pois/Air  1%         N/A       56%         3
 Animate Dead             Necr           2%         N/A       82%         4
 Agony                    Necr           4%         N/A       99%         5


Dungeon Overview and Level Annotations

Branches:
Dungeon (1/15)

Altars:


Message History

You finish memorising.
Spell assigned to 'a'.
Okay, then.
Okay, then.
You now have 5 gold pieces.
A frilled lizard comes into view.
A frilled lizard is nearby!
A frilled lizard is nearby!
The frilled lizard hisses angrily.
Casting: Pain (safe; 16% risk of failure)
Confirm with . or Enter, or press ? or * to list all spells.
Aiming: Pain (safe; 16% risk of failure)
Press: ? - help, Shift-Dir - straight line, f - frilled lizard
Aim: a frilled lizard (chance to affect: 62%)
The frilled lizard writhes in agony.
A hobgoblin comes into view.
The frilled lizard bites you.
You hit the frilled lizard.
You kill the frilled lizard!
Found a whip and 6 gold pieces.
Casting: Pain (safe; 14% risk of failure)
Confirm with . or Enter, or press ? or * to list all spells.
Aiming: Pain (safe; 14% risk of failure)
Press: ? - help, Shift-Dir - straight line, f - hobgoblin
Aim: a hobgoblin (chance to affect: 62%)
The hobgoblin writhes in agony.
Casting: Pain (safe; 14% risk of failure)
Confirm with . or Enter, or press ? or * to list all spells.
Aiming: Pain (safe; 14% risk of failure)
Press: ? - help, Shift-Dir - straight line, f/p - hobgoblin
Aim: a hobgoblin (heavily wounded, chance to affect: 62%)
The hobgoblin resists with significant effort.
The hobgoblin hits you.
You closely miss the hobgoblin.
The hobgoblin is heavily wounded.
The hobgoblin hits you.
* * * LOW HITPOINT WARNING * * *
You hit the hobgoblin but do no damage.
The hobgoblin is heavily wounded.
The hobgoblin hits you.
You die...

... $.. .... .....
)....## .......
......g##
#...@############
#......§.§......##
#.....§§§§≈§.....#
#....§≈§§§≈≈§....#
#....§§§?>§§§...<#
#.....≈≈≈≈§≈≈....#
#......≈≈≈§≈.....#
#...............##
#....############


You could see a hobgoblin.

Vanquished Creatures
  A frilled lizard (D:1)
1 creature vanquished.

Notes
Turn   | Place    | Note
-------+----------+-------------------------------------------
     0 | D:1      | rageheart7 the Demonspawn Wanderer began the quest for the
                  | Orb.
     0 | D:1      | rageheart7 set off with the following items: a +0 club, a
                  | +0 robe; and the following spells available to memorise:
                  | Animate Skeleton, Pain, Apportation, Shock, Vampiric
                  | Draining, Lesser Beckoning, Mephitic Cloud, Animate Dead,
                  | Agony
     0 | D:1      | Reached XP level 1. HP: 13/13 MP: 3/3
     2 | D:1      | Learned a level 1 spell: Pain
    22 | D:1      | Slain by a hobgoblin

Illustrated notes

Levels and vault maps discovered:
D:1:      lemuel_arrival_lava_pool, layout_rooms, minivault_23,
          minmay_misc_feat_roman, tso_altar

Action                   || total
-------------------------++-------
Melee: Club              ||     3
 Cast: Pain              ||     3

Table legend: (Time is in decaauts)
 A = Elapsed time spent in this place.
 B = Non-inter-level travel time spent in this place.
 C = Inter-level travel time spent in this place.
 D = Time resting spent in this place.
 E = Time spent auto-exploring this place.
 F = Levels seen in this place.
 G = Mean time per level.
                   A        B        C        D        E       F      G
               +--------+--------+--------+--------+--------+-----+--------+
         Total |     22 |     22 |      0 |      0 |     10 |   1 |   22.0 |
       Dungeon |     22 |     22 |      0 |      0 |     10 |   1 |   22.0 |
               +--------+--------+--------+--------+--------+-----+--------+

Top non-repeatable levels by time:
     D:1: 22 daAuts
